 Dungeon Crawl Stone Soup version 0.31.0-12-g77e489cdc1 (webtiles) character file.

Game seed: 1851478751417727552

1266 sking99 the Purveyor of Pain (level 8, -3/58 HPs)
             Began as a Gnoll Necromancer on Feb 26, 2024.
             Was an Initiate of Kikubaaqudgha.
             Slain by a gnoll
             ... wielding a +0 halberd
             ... led by a gnoll sergeant
              (11 damage)
             ... on level 6 of the Dungeon.
             The game lasted 00:13:29 (7070 turns).

sking99 the Purveyor of Pain (Gnoll Necromancer)    Turns: 7070, Time: 00:13:30

Health: -3/58      AC:  3    Str:  9    XL:     8   Next: 52%
Magic:  9/17       EV: 19    Int: 15    God:    Kikubaaqudgha [......]
Gold:   242        SH:  0    Dex: 13    Spells: 8/19 levels left

rFire   + . .        o - +2 falchion (elec)
rCold   + . .        (no shield)
rNeg    . . .        a - +0 robe
rPois   .            s - +0 hat {rF+}
rElec   .            j - +0 cloak
rCorr   .            (no gloves)
SInv    .            (no boots)
Will    .....        (no amulet)
Stlth   +++          e - +5 ring of evasion
HPRegen 0.29/turn    m - ring of protection from cold
MPRegen 0.15/turn

%: no passive effects
@: about to teleport, fugue, animating dead
A: fangs 1, strong nose, distributed training
a: Renounce Religion


You were on level 6 of the Dungeon.
You worshipped Kikubaaqudgha.
Kikubaaqudgha was noncommittal.
You visited 1 branch of the dungeon, and saw 6 of its levels.

You collected 352 gold pieces.
You spent 110 gold pieces at shops.

Inventory:

Hand Weapons
 c - a +0 dagger
 o - a +2 falchion of electrocution (weapon)
Armour
 a - a +0 robe (worn)
 j - a +0 cloak (worn)
 s - a +0 hat of fire resistance (worn)
Jewellery
 e - a +5 ring of evasion (left hand)
 k - an amulet of magic regeneration
 m - a ring of protection from cold (right hand)
 v - a ring of fire
Talismans
 r - a maw talisman
Scrolls
 t - a scroll of silence {unknown}
 u - a scroll of revelation {unknown}
 w - a scroll of blinking {unknown}
Potions
 b - a potion of magic
 d - 2 potions of brilliance
 f - a potion of mutation {unknown}
 g - a potion of ambrosia
 h - 2 potions of attraction
 i - a potion of curing
 l - 2 potions of berserk rage
 n - a potion of degeneration {unknown}
 q - a potion of heal wounds {unknown}


   Skills:
 + Level 3.4 Fighting
 + Level 3.4 Short Blades
 + Level 3.4 Long Blades
 + Level 3.4 Axes
 + Level 3.4 Maces & Flails
 + Level 3.4 Polearms
 + Level 3.4 Staves
 + Level 3.4 Ranged Weapons
 + Level 3.4 Throwing
 + Level 3.4 Armour
 + Level 5.8 Dodging
 + Level 5.5 Stealth
 + Level 3.4 Shields
 + Level 3.4 Unarmed Combat
 + Level 6.1 Spellcasting
 + Level 2.8 Conjurations
 + Level 2.8 Hexes
 + Level 2.8 Summonings
 + Level 7.7 Necromancy
 + Level 2.8 Translocations
 + Level 2.8 Fire Magic
 + Level 2.8 Ice Magic
 + Level 2.8 Air Magic
 + Level 2.8 Earth Magic
 + Level 2.8 Alchemy
 + Level 3.8 Invocations
 + Level 3.4 Evocations
 + Level 3.1 Shapeshifting


You had 8 spell levels left.
You knew the following spells:

 Your Spells              Type           Power      Damage    Failure   Level
a - Necrotise             Necr           100%       1d9       1%          1
b - Vampiric Draining     Necr           27%        2d7       1%          3
c - Animate Dead          Necr           27%        N/A       6%          4
d - Fugue of the Fallen   Necr           27%        N/A       1%          3

Your spell library contained the following spells:

 Spells                   Type           Power      Damage    Failure   Level
 Sandblast                Erth           26%        2d8       4%          1
 Ensorcelled Hibernation  Hex/Ice        26%        N/A       7%          2
 Passwall                 Erth           13%        N/A       14%         3
 Stone Arrow              Conj/Erth      26%        3d8       14%         3
 Swiftness                Air            13%        N/A       14%         3
 Anguish                  Hex/Necr       10%        N/A       16%         4
 Curse of Agony           Necr           27%        N/A       17%         5
 Brom's Barrelling Bould  Conj/Erth      13%        2d4       41%         4
 Passage of Golubria      Tloc           13%        N/A       41%         4
 Silence                  Hex/Air        6%         N/A       77%         5
 Lehudib's Crystal Spear  Conj/Erth      6%         10d3      100%        8


Dungeon Overview and Level Annotations

Branches:
Dungeon (6/15)             Temple (0/1) D:6

Altars:
Ashenzari
Hepliaklqana
Kikubaaqudgha
Qazlal
Vehumet

Shops:
D:1 ?   D:4 *


Innate Abilities, Weirdness & Mutations

You have very sharp teeth.
Your uncanny sense of smell can sniff out nearby items.
Your experience applies equally to all skills.


Message History

The gnoll sergeant writhes in agony.
A nearby plant withers and dies.
The gnoll completely misses you.
The gnoll sergeant hits you with a +4 trident of venom!
The gnoll barely misses you.
The gnoll sergeant hits the plant with a +0 spear!
You hit the gnoll sergeant but do no damage.
Lightning courses through the gnoll sergeant!
The gnoll sergeant is severely wounded.
The gnoll closely misses you.
The gnoll sergeant hits you with a +4 trident of venom!
The gnoll hits you from afar with a +0 halberd!
The gnoll sergeant hits the plant with a +0 spear!
The plant begins to die.
You hit the gnoll sergeant.
The gnoll sergeant is severely wounded.
A nearby plant withers and dies.
The gnoll misses you. The gnoll closely misses you.
The gnoll sergeant hits you with a +4 trident of venom!
You are poisoned.
The gnoll closely misses you.
The gnoll sergeant hits the plant with a +0 spear!
You hit the gnoll sergeant but do no damage.
The gnoll sergeant is severely wounded.
You feel very sick.
A nearby plant withers and dies.
The gnoll misses you. The gnoll hits you with a +0 flail!
* * * LOW HITPOINT WARNING * * *
The gnoll sergeant misses you. The gnoll completely misses you.
As you read the scroll of teleportation, it crumbles to dust.
You feel strangely unstable.
* * * LOW HITPOINT WARNING * * *
You feel sick. The gnoll completely misses you.
The gnoll hits you with a +0 flail!
* * * LOW HITPOINT WARNING * * *
The gnoll sergeant misses you. The gnoll closely misses you.
You feel better.
A nearby plant withers and dies.
The gnoll misses you. The gnoll closely misses you.
The gnoll sergeant barely misses you.
The gnoll hits you from afar with a +0 halberd!
You die...
Kikubaaqudgha rasps: "You have failed me!
Welcome... death!"

#........## ##.......##
#.###.#...####..........
#........'.)........ #
#.#...####..........
#.###.##.## ##.........
#........# ##......#.
####.....# ##...###.
#.....# ##+...#.
###...@.# .#....
#.....gg# #...
.....#.gg..#
.#.......#......
.....PgP....###.
..........##.#
..P.......# ...
#.......... ###.
#..PP...P...


You could see 2 gnoll sergeants and 3 gnolls.

Vanquished Creatures
  2 ice beasts (D:6)
  A sky beast (D:6)
  2 ogres
  2 centaurs
  3 scorpions
  A jelly (D:4)
  A hound (D:4)
  2 orc priests (D:5)
  2 iguanas (D:5)
  3 orc wizards (D:6)
  5 adders
  3 gnolls (D:4)
  An ufetubus (D:6)
  2 dart slugs
  4 ribbon worms
  16 orcs
  5 bats
  3 endoplasms
  2 giant cockroaches (D:1)
  4 goblins
  7 hobgoblins
  11 jackals
  7 kobolds
  3 quokkas
  6 ball pythons
  A frilled lizard (D:1)
  11 rats
110 creatures vanquished.

Vanquished Creatures (collateral kills)
  A bombardier beetle (D:3)
  A gnoll (D:4)
  A ribbon worm (D:5)
  2 orcs (D:4)
  An endoplasm (D:4)
  A jackal (D:1)
  A ball python (D:2)
  A kobold (D:1)
9 creatures vanquished.

Vanquished Creatures (others)
  10 orc zombies
10 creatures vanquished.

Grand Total: 129 creatures vanquished

Notes
Turn   | Place    | Note
-------+----------+-------------------------------------------
     0 | D:1      | sking99 the Gnoll Necromancer began the quest for the Orb.
     0 | D:1      | Reached XP level 1. HP: 13/13 MP: 6/6
   265 | D:1      | Reached XP level 2. HP: 19/19 MP: 5/7
   727 | D:1      | Reached skill level 5 in Spellcasting
   727 | D:1      | Reached XP level 3. HP: 25/25 MP: 5/9
   770 | D:1      | Found The Oracle's Delphic Readings.
   853 | D:1      | Found a faded altar of an unknown god.
  1110 | D:2      | Reached skill level 1 in Invocations
  1336 | D:2      | Reached skill level 1 in Fighting
  1336 | D:2      | Reached skill level 1 in Short Blades
  1336 | D:2      | Reached skill level 1 in Long Blades
  1336 | D:2      | Reached skill level 1 in Axes
  1336 | D:2      | Reached skill level 1 in Maces & Flails
  1336 | D:2      | Reached skill level 1 in Polearms
  1336 | D:2      | Reached skill level 1 in Staves
  1336 | D:2      | Reached skill level 1 in Ranged Weapons
  1336 | D:2      | Reached skill level 1 in Throwing
  1336 | D:2      | Reached skill level 1 in Armour
  1336 | D:2      | Reached skill level 1 in Shields
  1336 | D:2      | Reached skill level 1 in Unarmed Combat
  1336 | D:2      | Reached skill level 1 in Evocations
  1747 | D:2      | Reached skill level 1 in Shapeshifting
  1747 | D:2      | Reached XP level 4. HP: 32/32 MP: 8/11
  2033 | D:2      | Found a stormy altar of Qazlal.
  2471 | D:3      | Learned a level 3 spell: Vampiric Draining
  2476 | D:3      | Learned a level 4 spell: Animate Dead
  2575 | D:3      | Learned a level 3 spell: Fugue of the Fallen
  2609 | D:3      | Reached skill level 1 in Conjurations
  2609 | D:3      | Reached skill level 1 in Hexes
  2609 | D:3      | Reached skill level 1 in Summonings
  2609 | D:3      | Reached skill level 1 in Translocations
  2609 | D:3      | Reached skill level 1 in Fire Magic
  2609 | D:3      | Reached skill level 1 in Ice Magic
  2609 | D:3      | Reached skill level 1 in Air Magic
  2609 | D:3      | Reached skill level 1 in Earth Magic
  2609 | D:3      | Reached skill level 1 in Alchemy
  2888 | D:3      | Reached XP level 5. HP: 37/37 MP: 8/12
  3804 | D:4      | Reached XP level 6. HP: 30/44 MP: 10/13
  3814 | D:4      | Reached skill level 5 in Dodging
  4289 | D:4      | Found Bopes's Fire Supplies.
  4312 | D:4      | Bought a +0 hat of fire resistance for 110 gold pieces
  4378 | D:5      | Entered Level 5 of the Dungeon
  4942 | D:5      | Found a hazy altar of Hepliaklqana.
  4946 | D:5      | Found an ancient bone altar of Kikubaaqudgha.
  4963 | D:5      | Became a worshipper of Kikubaaqudgha
  5090 | D:5      | Reached XP level 7. HP: 11/51 MP: 11/15
  5353 | D:5      | Reached skill level 5 in Stealth
  5884 | D:6      | Found a broken altar of Ashenzari.
  5969 | D:6      | Found a radiant altar of Vehumet.
  6044 | D:6      | Reached XP level 8. HP: 34/58 MP: 12/16
  6836 | D:6      | Found a staircase to the Ecumenical Temple.
  7069 | D:6      | HP: 1/58 [gnoll/+0 flail[a gnoll sergeant] (7)]
  7070 | D:6      | Slain by a gnoll

Illustrated notes

Levels and vault maps discovered:
D:1:      mrwooster_arrival_statue, layout_rooms,
          shapermc_ecumenical_altar_mp_highgroup, nicolae_nh_oracle_at_delphi
D:2:      layout_basic, basic_altar, minmay_hedge_maze, nicolae_eternal_life,
          minmay_rat_gold_closets
D:3:      layout_basic
D:4:      layout_basic, serial_rivers, chequers_serial_rivers_small_a,
          chequers_serial_rivers_marsh, chequers_serial_rivers_room_b,
          chequers_serial_rivers_marsh, nicolae_shop_fire_sale
          [nicolae_sub_dead_trees]
D:5:      layout_basic, grunt_temple_overflow_open, nicolae_wormholes
D:6:      minmay_inner_zag, layout_loops_corners, lemuel_doored_altar,
          nicolae_vehumet_radiance, minmay_temple_entry_tees,
          nicolae_grassy_gnolls

Skill      XL: |  1  2  3  4  5  6  7  8 |
---------------+-------------------------+-----
Spellcasting   | 5 6 |  6.1
Invocations    | 1 2 3 |  3.8
Fighting       | 1 2 3 |  3.4
Short Blades   | 1 2 3 |  3.4
Long Blades    | 1 2 3 |  3.4
Axes           | 1 2 3 |  3.4
Maces & Flails | 1 2 3 |  3.4
Polearms       | 1 2 3 |  3.4
Staves         | 1 2 3 |  3.4
Ranged Weapons | 1 2 3 |  3.4
Throwing       | 1 2 3 |  3.4
Armour         | 1 2 3 |  3.4
Shields        | 1 2 3 |  3.4
Unarmed Combat | 1 2 3 |  3.4
Evocations     | 1 2 3 |  3.4
Shapeshifting  | 1 2 3 |  3.1
Conjurations   | 1 2 |  2.8
Hexes          | 1 2 |  2.8
Summonings     | 1 2 |  2.8
Translocations | 1 2 |  2.8
Fire Magic     | 1 2 |  2.8
Ice Magic      | 1 2 |  2.8
Air Magic      | 1 2 |  2.8
Earth Magic    | 1 2 |  2.8
Alchemy        | 1 2 |  2.8
Dodging        | 5 |  5.8
Stealth        | 5 |  5.5
Necromancy     | |  7.7

Action                     |  1- 3 |  4- 6 |  7- 9 || total
---------------------------+-------+-------+-------++-------
  Melee: Dagger            |    12 |       |       ||    12
         Bite              |     5 |     7 |     9 ||    21
         Punch             |     1 |     1 |     1 ||     3
         Falchion          |       |    79 |    87 ||   166
   Cast: Necrotise         |    63 |    65 |    36 ||   164
         Animate Dead      |       |     6 |     4 ||    10
         Fugue of the Fall |       |     3 |     2 ||     5
         Vampiric Draining |       |       |     4 ||     4
    Use: Scroll            |       |    10 |     1 ||    11
         Potion            |       |       |     2 ||     2
   Stab: Distracted        |       |     1 |       ||     1
 Armour: Robe              |     6 |    36 |    63 ||   105
  Dodge: Dodged            |    18 |   105 |   116 ||   239
